 Dungeon Sprint DCSS version 0.19-a0-139-gefc6d61 (webtiles) character file.

2107 Kidiri the Covert (level 9, -3/46 HPs)
             Began as a Spriggan Enchanter on May 17, 2016.
             Was a Believer of Dithmenos.
             Slain by a centaur (4 damage)
             ... in the Dungeon (Sprint III: "The Ten Rune Challenge").
             The game lasted 00:04:10 (866 turns).

Kidiri the Covert (Spriggan Enchanter)               Turns: 866, Time: 00:04:11

Health: -3/46      AC:  3    Str:  4    XL:     9   Next: 7%
Magic:  9/24       EV: 28    Int: 18    God:    Dithmenos [**....]
Gold:   72         SH:  0    Dex: 18    Spells: 5 memorised, 16 levels left

rFire  . . .     SeeInvis +     a - +1 dagger
rCold  . . .     Gourm    .     b - +1 robe
rNeg   . . .     Faith    .     (shield restricted)
rPois  .         Spirit   .     (helmet restricted)
rElec  .         Dismiss  .     (no cloak)
rCorr  .         Reflect  .     (gloves unavailable)
SustAt .         Harm     .     (boots unavailable)
MR     +....     NoTele   +     (no amulet)
Stlth  ++++++++..               (no ring)
                                (no ring)

@: wreathed by umbra, very quick, somewhat resistant to hostile enchantments,
extraordinarily stealthy
A: unfitting armour, see invisible, herbivore 3, speed 3, slow metabolism 2
a: Shadow Step, Renounce Religion


You were in the Dungeon.
You worshipped Dithmenos.
Dithmenos was pleased with you.
You were not hungry.

You visited 1 branch You collected 72 gold pieces.

Inventory:

Hand Weapons
 a - a +1 dagger (weapon)
Armour
 b - a +1 robe (worn)
Scrolls
 l - a scroll of holy word
 n - 4 scrolls of remove curse
Potions
 c - a potion of berserk rage
 e - 2 potions of curing
 g - a potion of haste
 h - 2 potions of magic
 k - a potion of might
 p - a potion of cure mutation
 q - 4 potions of flight
Comestibles
 d - 3 bread rations
 i - a royal jelly
 o - 4 fruits


   Skills:
 + Level 4.6 Fighting
 * Level 8.9 Short Blades
 + Level 4.2 Armour
 * Level 11.7 Dodging
 * Level 13.0 Stealth
 * Level 10.1 Spellcasting
 + Level 3.6 Conjurations
 + Level 7.8 Hexes
 + Level 4.2 Ice Magic
 - Level 2.8 Invocations


You had 16 spell levels left.
You knew the following spells:

 Your Spells              Type           Power        Failure   Level  Hunger
a - Corona                Hex            #####..      1%          1    None
b - Ensorcelled Hibernat  Hex/Ice        ####..       1%          2    None
c - Confuse               Hex            #####...     1%          3    None
d - Tukima's Dance        Hex            #####...     1%          3    None
e - Dazzling Spray        Conj/Hex       ####..       2%          3    None


Dungeon Overview and Level Annotations

Branches:
Dungeon (1/1)

Altars:
Cheibriados
Dithmenos
Elyvilon
Fedhas
Gozag
Kikubaaqudgha
Makhleb
Nemelex Xobeh
Okawaru
Pakellas
Qazlal
Ru
Sif Muna
Trog
Vehumet
Xom
Yredelemnul
Zin
The Shining One
Jiyva
Lugonu


Innate Abilities, Weirdness & Mutations

You are tiny and cannot use many weapons and most armour.
You have supernaturally acute eyesight.
You are a herbivore.
You cover ground extremely quickly.
You need consume almost no food.


Message History

Unknown command.
You hit the centaur but do no damage.
The centaur is almost dead.
The centaur warrior hits you. The centaur closely misses you.
You hit the centaur.
The centaur is almost dead.
The centaur warrior hits you!
* * * LOW HITPOINT WARNING * * *
The centaur completely misses you.
Unknown command.
Casting: Dazzling Spray
Confirm with . or Enter, or press ? or * to list all spells.
Aiming: Ensorcelled Hibernation
Press: ? - help, Shift-Dir - straight line, f - centaur warrior
Aim: a centaur warrior (almost dead, umbra, chance to defeat MR: 41%)
The centaur warrior resists with some effort.
The centaur is no longer blind.
The centaur warrior hits you!
* * * LOW HITPOINT WARNING * * *
The centaur hits you.
You die...

)#._# ##+## ....#
....# ###'#
#...#+#############
#...#.§§≈§'.#.'...+
#...#.#§§§#.#.#.c.#
#...'.#§§.#.#.#)@.#
+...#.#§§§#...#.c(#
▓▓▓▓▓▓▓▓▓▓▓▓▓▓▓▓▓▓#


You could see a centaur warrior and a centaur.

Vanquished Creatures
  Snorg (D)
  A deep elf mage (D)
  A shadow (D)
  A spatial vortex (D)
  A necrophage (D)
  A centaur (D)
  An earth elemental (D)
  A water elemental (D)
  A jelly (D)
  Jessica (D)
  A wizard (D)
  A necromancer (D)
  3 humans (D)
  A kobold demonologist (D)
  A wolf (D)
  2 rats (D)
19 creatures vanquished.

Vanquished Creatures (others)
  2 draconian scorchers (D)
  6 hellions (D)
  A yaktaur (D)
  2 plants (D)
11 creatures vanquished.

Grand Total: 30 creatures vanquished

Notes
Turn   | Place    | Note
--------------------------------------------------------------
     0 | D        | Kidiri the Spriggan Enchanter began the quest for the Orb.
     0 | D        | Reached XP level 1. HP: 9/9 MP: 5/5
    21 | D        | Noticed Jessica
    24 | D        | Killed Jessica
    24 | D        | Reached skill level 1 in Fighting
    24 | D        | Reached skill level 1 in Armour
    24 | D        | Reached skill level 6 in Stealth
    24 | D        | Reached XP level 2. HP: 14/14 MP: 5/7
    30 | D        | Learned a level 2 spell: Ensorcelled Hibernation
    79 | D        | Reached XP level 3. HP: 5/18 MP: 3/9
    88 | D        | Learned a level 3 spell: Confuse
    89 | D        | Killed a hellion
    92 | D        | Learned a level 3 spell: Dazzling Spray
   110 | D        | Killed a yaktaur
   126 | D        | Killed a hellion
   135 | D        | Killed a hellion
   137 | D        | Killed a hellion
   138 | D        | Killed a hellion
   147 | D        | Killed a hellion
   258 | D        | Killed a white draconian scorcher
   295 | D        | Reached skill level 5 in Dodging
   307 | D        | Gained mutation: You are agile. (Dex +2) [potion of mutation]
   307 | D        | Gained mutation: You are partially covered in icy blue scales (AC +1). [potion of mutation]
   307 | D        | Lost mutation: You are agile. (Dex +2) [potion of mutation]
   308 | D        | Gained mutation: Your spells are a little harder to cast, but a little more powerful. [potion of mutation]
   308 | D        | Gained mutation: You regenerate slowly when monsters are visible. [potion of mutation]
   308 | D        | Gained mutation: You tend to lose your temper in combat. [potion of mutation]
   309 | D        | Gained mutation: You are frail (-10% HP). [potion of mutation]
   309 | D        | Gained mutation: Your magical capacity is low (-10% MP). [potion of mutation]
   309 | D        | Gained mutation: You occasionally shout uncontrollably at your foes. [potion of mutation]
   310 | D        | Lost mutation: You tend to lose your temper in combat. [potion of cure mutation]
   310 | D        | Lost mutation: You occasionally shout uncontrollably at your foes. [potion of cure mutation]
   310 | D        | Lost mutation: Your spells are a little harder to cast, but a little more powerful. [potion of cure mutation]
   310 | D        | Lost mutation: You are frail (-10% HP). [potion of cure mutation]
   311 | D        | Lost mutation: You regenerate slowly when monsters are visible. [potion of cure mutation]
   311 | D        | Lost mutation: Your magical capacity is low (-10% MP). [potion of cure mutation]
   311 | D        | Lost mutation: You are partially covered in icy blue scales (AC +1). [potion of cure mutation]
   349 | D        | Noticed a water elemental
   351 | D        | Killed a water elemental
   351 | D        | Reached skill level 7 in Stealth
   351 | D        | Reached skill level 5 in Spellcasting
   351 | D        | Reached skill level 1 in Ice Magic
   351 | D        | Reached XP level 4. HP: 23/23 MP: 12/12
   356 | D        | Learned a level 3 spell: Tukima's Dance
   366 | D        | Noticed a shadow
   388 | D        | Killed a white draconian scorcher
   400 | D        | Killed a shadow
   400 | D        | Reached skill level 5 in Short Blades
   400 | D        | Reached skill level 9 in Stealth
   400 | D        | Reached skill level 1 in Conjurations
   400 | D        | Reached skill level 5 in Hexes
   400 | D        | Reached XP level 5. HP: 26/27 MP: 1/15
   400 | D        | Reached XP level 6. HP: 32/32 MP: 1/16
   499 | D        | Found an oddly glowing altar of Pakellas.
   499 | D        | Found a stormy altar of Qazlal.
   499 | D        | Noticed a spatial vortex
   500 | D        | Killed a spatial vortex
   500 | D        | Reached skill level 10 in Stealth
   501 | D        | Found a sacrificial altar of Ru.
   501 | D        | Found a burning altar of Makhleb.
   501 | D        | Found a viscous altar of Jiyva.
   501 | D        | Found a shimmering altar of Xom.
   501 | D        | Found a shadowy altar of Dithmenos.
   501 | D        | Found a sparkling altar of Nemelex Xobeh.
   501 | D        | Found a corrupted altar of Lugonu.
   501 | D        | Found an opulent altar of Gozag.
   505 | D        | Became a worshipper of Dithmenos the Shadowed
   530 | D        | Found a radiant altar of Vehumet.
   531 | D        | Found a deep blue altar of Sif Muna.
   531 | D        | Found an ancient bone altar of Kikubaaqudgha.
   576 | D        | Found a glowing silver altar of Zin.
   577 | D        | Found a glowing golden altar of the Shining One.
   577 | D        | Found a white marble altar of Elyvilon.
   577 | D        | Noticed a deep elf mage
   579 | D        | Killed a deep elf mage
   579 | D        | Reached * piety under Dithmenos
   579 | D        | Reached skill level 10 in Dodging
   579 | D        | Reached skill level 11 in Stealth
   579 | D        | Reached XP level 7. HP: 37/37 MP: 18/20
   590 | D        | Found an iron altar of Okawaru.
   591 | D        | Found a bloodstained altar of Trog.
   591 | D        | Noticed a human
   591 | D        | Noticed a human
   593 | D        | Killed a human
   594 | D        | Killed a human
   594 | D        | Reached XP level 8. HP: 42/42 MP: 19/21
   613 | D        | Found a snail-covered altar of Cheibriados.
   614 | D        | Found a basalt altar of Yredelemnul.
   614 | D        | Found a blossoming altar of Fedhas.
   615 | D        | Reached ** piety under Dithmenos
   635 | D        | Noticed Snorg
   671 | D        | Killed Snorg
   671 | D        | Reached skill level 12 in Stealth
   671 | D        | Reached skill level 10 in Spellcasting
   671 | D        | Reached XP level 9. HP: 23/46 MP: 2/24
   842 | D        | Noticed a centaur warrior
   863 | D        | Reached skill level 13 in Stealth
   866 | D        | HP: 1/46 [centaur warrior (12)]
   866 | D        | Slain by a centaur

Vault maps used:
D:        dungeon_sprint_mu

Skill      XL: |  1  2  3  4  5  6  7  8  9 |
---------------+----------------------------+-----
Fighting       | 1 2 3 4 |  4.6
Short Blades   | 2 3 4 5 7 8 |  8.9
Armour         | 1 2 3 4 |  4.2
Dodging        | 4 6 7 10 11 | 11.7
Stealth        | 6 7 9 11 12 13 | 13.0
Spellcasting   | 3 4 5 6 8 10 | 10.1
Hexes          | 4 5 6 7 |  7.8
Ice Magic      | 1 2 3 4 |  4.2
Conjurations   | 1 2 3 |  3.6
Invocations    | 2 |  2.8

Action                   |  1- 3 |  4- 6 |  7- 9 || total
-------------------------+-------+-------+-------++-------
Melee: Dagger            |    17 |    12 |    24 ||    53
 Cast: Ensorcelled Hiber |     2 |       |     1 ||     3
       Corona            |     1 |     1 |       ||     2
       Dazzling Spray    |       |     4 |    11 ||    15
       Confuse           |       |       |     1 ||     1
Invok: Shadow Step       |       |       |     1 ||     1
  Use: Potion            |     5 |     1 |     1 ||     7
       Scroll            |     2 |     1 |     1 ||     4
 Stab: Sleeping          |     6 |     5 |     6 ||    17
       Invisible         |       |       |     3 ||     3
Armor: Robe              |       |       |     1 ||     1
Dodge: Dodged            |     8 |     5 |    53 ||    66
